 Dungeon Crawl Stone Soup version 0.24-a0-474-g47c397e050 (webtiles) character file.

Game seed: 12909583957802791313

30 Krouwed the Vexing (level 3, -1/39 HPs)
             Began as a Human Arcane Marksman on July 5, 2019.
             Slain by a gnoll
             ... wielding a +0 club
              (3 damage)
             ... on level 1 of the Dungeon.
             The game lasted 00:04:13 (986 turns).

Krouwed the Vexing (Human Arcane Marksman)           Turns: 986, Time: 00:04:14

Health: -1/39      AC:  3    Str: 15    XL:     3   Next: 35%
Magic:  5/5        EV: 12    Int: 14    God:
Gold:   45         SH:  0    Dex: 13    Spells: 0/4 levels left

rFire    . . .     SeeInvis .   b - +0 dagger
rCold    . . .     Gourm    .   (no shield)
rNeg     . . .     Faith    .   h - +0 leather armour
rPois    .         Spirit   .   (no helmet)
rElec    .         Reflect  .   (no cloak)
rCorr    .         Harm     .   (no gloves)
MR       .....                  (no boots)
Stlth    ..........             (no amulet)
HPRegen  0.13/turn              (no ring)
MPRegen  0.09/turn              (no ring)

@: berserking, lethally poisoned (-1 -> -2), very quick
A: no striking features
a: no special abilities


You were on level 1 of the Dungeon.
You were not hungry.

You visited 1 branch of the dungeon, and saw 2 of its levels.

You collected 45 gold pieces.

Inventory:

Hand Weapons
 a - a +0 hand crossbow
 b - a +0 dagger (weapon)
Missiles
 d - 11 bolts
Armour
 h - a +0 leather armour (worn)
Scrolls
 c - 2 scrolls of identify {unknown}
 e - a scroll of teleportation {unknown}
Potions
 j - a potion of curing {unknown}
Comestibles
 f - 2 rations
 g - a chunk of flesh


   Skills:
 + Level 1.5 Fighting
 * Level 2.7 Crossbows
 - Level 2.0 Dodging
 + Level 1.4 Spellcasting
 + Level 3.2 Hexes


You couldn't memorise any spells.
You knew the following spells:

 Your Spells              Type           Power        Failure   Level  Hunger
a - Corona                Hex            ##.....      9%          1    ##.....
b - Portal Projectile     Hex/Tloc       #.....       43%         3    ####...

Your spell library contained the following spells:

 Spells                   Type           Power        Failure   Level  Hunger
 Slow                     Hex            ##......     12%         2    ###....
 Inner Flame              Hex/Fire       #.......     43%         3    ####...
 Cause Fear               Hex            ##........   63%         4    #####..
 Leda's Liquefaction      Hex/Erth       #.........   85%         4    #####..


Dungeon Overview and Level Annotations

Branches:
Dungeon (2/15)

Altars:


Message History

Aim: a gnoll, wielding a +0 club (severely wounded)
You shoot a bolt.
The bolt hits the gnoll but does no damage.
The gnoll is severely wounded.
You feel sick. The gnoll hits you with a +0 club.
* * * LOW HITPOINT WARNING * * *
It was a potion of berserk rage.
A red film seems to cover your vision as you go berserk!
You feel yourself moving faster!
You feel mighty! The gnoll hits you but does no damage.
Unknown command.
You are too berserk!
You are too berserk!
You are too berserk!
b - a +0 dagger (weapon)
You feel a strong urge to attack something.
You hit the gnoll but do no damage.
The gnoll is severely wounded.
The gnoll hits you with a +0 club.
You die...

#.############.###.....
#.# #...............
#.# #.#########.##..
#.# #.# #.##..
#.######.# #.##..
#.....>..# #.##..
######..## #.##.. #..#
#.##.. #@g# #..... #..#
####.. #..# #.. #..#
#.. #..# #######)
#..########...###.
#...........#.....
##.######.#...###.
#........##.## #.


You could see a gnoll.

Vanquished Creatures
  A dart slug (D:1)
  A leopard gecko (D:1)
  5 hobgoblins (D:1)
  A jackal (D:1)
  4 kobolds (D:1)
  6 bats (D:1)
  4 frilled lizards (D:1)
  6 rats
28 creatures vanquished.

Notes
Turn   | Place    | Note
-------+----------+-------------------------------------------
     0 | D:1      | Krouwed the Human Arcane Marksman began the quest for the
                  | Orb.
     0 | D:1      | Reached XP level 1. HP: 15/15 MP: 2/2
   164 | D:1      | Reached XP level 2. HP: 21/21 MP: 3/3
   338 | D:1      | Reached XP level 3. HP: 25/26 MP: 3/5
   364 | D:1      | Learned a level 3 spell: Portal Projectile
   983 | D:1      | HP: 1/26 [gnoll/+0 club (4)]
   986 | D:1      | Slain by a gnoll

Levels and vault maps discovered:
D:1:      nzn_arrival_crosshair, layout_loops_ring, minmay_tall_x
D:2:      layout_basic, grunt_ministairs_4

Action                   || total
-------------------------++-------
Melee: Dagger            ||    47
 Fire: Hand crossbow     ||    35
 Cast: Corona            ||     1
  Use: Potion            ||     1
 Stab: Sleeping          ||     1
Armor: Leather armour    ||    18
       Robe              ||     5
Dodge: Dodged            ||    34

Table legend:
 A = Non-vault XP
 B = Vault XP
 C = Vault XP percentage of total XP
 D = Non-vault monster count
 E = Vault monster count
 F = Vault count percentage of total count
                 A         B        C        D         E       F
            +---------+---------+-------+---------+---------+-------
      Total |      37 |       6 |  14.0 |      24 |       4 |  14.3
            +---------+---------+-------+---------+---------+-------
        D:1 |      37 |       5 |  11.9 |      24 |       3 |  11.1
        D:2 |       0 |       1 | 100.0 |       0 |       1 | 100.0
            +---------+---------+-------+---------+---------+-------
